 Dungeon Crawl Stone Soup version 0.29.1-4-g47bece8355 (webtiles) character file.

Game seed: 16405865083264818410

11722 NinjaNoafa the Envoy of Void (level 11, 0/87 HPs)
             Began as a Demonspawn Abyssal Knight on Dec 5, 2022.
             Was a High Priest of Lugonu.
             Slain by an orc knight
             ... wielding a +0 war axe
              (19 damage)
             ... on level 9 of the Dungeon.
             The game lasted 00:26:13 (12635 turns).

NinjaNoafa the Envoy of Void (DsAK)                Turns: 12635, Time: 00:26:15

Health: 0/87       AC:  5    Str: 15    XL:     11   Next: 53%
Magic:  18/18      EV: 19    Int: 13    God:    Lugonu [*****.]
Gold:   644        SH:  0    Dex: 15    Spells: 10/10 levels left

rFire   + + +      SeeInvis .   E - +9 lajatang "Daithred" {vorpal, rF+ rCorr Stlth+}
rCold   + . .      Faith    .   (shield currently unavailable)
rNeg    . . .      Spirit   .   I - +0 troll leather armour
rPois   .          Reflect  .   v - +0 helmet
rElec   +          Harm     .   c - scarf {rC+ rF+}
rCorr   +          Rampage  .   (gloves unavailable)
Will    .....                   (no boots)
Stlth   ++........              (no amulet)
HPRegen 1.04/turn               F - ring of protection from fire
MPRegen 0.16/turn               q - +4 ring of evasion

@: mighty
A: claws 3, powered by pain 2, spiny 2, fangs 1, electricity resistance
a: Renounce Religion, Depart the Abyss, Bend Space, Banish, Corrupt, Enter the
Abyss


You were on level 9 of the Dungeon.
You worshipped Lugonu.
Lugonu was extremely pleased with you.
You visited 2 branches of the dungeon, and saw 10 of its levels.
You visited the Abyss 1 time.

You collected 644 gold pieces.

Inventory:

Hand Weapons
 E - the +9 lajatang "Daithred" (weapon) {vorpal, rF+ rCorr Stlth+}
   (You took it off a wight on level 7 of the Dungeon)

   It inflicts extra damage upon your enemies.
   rF:        It protects you from fire.
   rCorr:     It protects you from acid and corrosion.
   Stlth:     It makes you more stealthy.
Missiles
 h - 89 stones
 m - 23 poisoned darts
 x - 15 boomerangs (quivered)
 y - 6 curare-tipped darts
Armour
 c - a scarf of resistance (worn)
 v - a +0 helmet (worn)
 I - a +0 troll leather armour (worn)
Jewellery
 j - a ring of magical power
 q - a +4 ring of evasion (right claw)
 A - a ring of see invisible
 F - a ring of protection from fire (left claw)
 J - a ring of fire
Wands
 e - a wand of digging (2)
 l - a wand of quicksilver (12)
 r - a wand of charming (10)
 w - a wand of mindburst (12)
 G - a wand of flame (7)
Scrolls
 d - a scroll of magic mapping {unknown}
 g - 3 scrolls of blinking
 k - 2 scrolls of vulnerability {unknown}
 n - 2 scrolls of immolation {unknown}
 o - 2 scrolls of fear {unknown}
 t - 3 scrolls of fog {unknown}
 u - 3 scrolls of teleportation
 z - a scroll of enchant weapon
 B - 3 scrolls of amnesia {unknown}
Potions
 a - a potion of ambrosia
 b - 3 potions of lignification
 f - a potion of resistance
 i - a potion of haste
 p - 5 potions of might
 s - 4 potions of curing
 C - a potion of attraction {unknown}
 H - a potion of degeneration {unknown}


   Skills:
 + Level 8.5 Fighting
 - Level 2.7 Long Blades
 + Level 5.8 Staves
 + Level 3.1 Armour
 + Level 8.4 Dodging
 - Level 8.0 Unarmed Combat
 + Level 10.6 Invocations
 - Level 6.0 Evocations


You had 10 spell levels left.
You didn't know any spells.
Your spell library contained the following spells:

 Spells                   Type           Power      Damage    Failure   Level
 Scorch                   Fire           0%         2d5       50%         2
 Call Canine Familiar     Summ           0%         N/A       75%         3
 Confusing Touch          Hex            0%         N/A       75%         3
 Conjure Flame            Conj/Fire      0%         6-21      75%         3
 Ignite Poison            Fire/Tmut/Pois 0%         N/A       75%         3
 Mephitic Cloud           Conj/Pois/Air  0%         N/A       75%         3
 Portal Projectile        Hex/Tloc       0%         N/A       75%         3
 Summon Guardian Golem    Hex/Summ       0%         N/A       75%         3
 Vampiric Draining        Necr           0%         2d6       75%         3
 Anguish                  Hex/Necr       0%         N/A       98%         4
 Flame Wave               Conj/Fire      0%         2d4       98%         4
 Leda's Liquefaction      Hex/Erth       0%         N/A       98%         4
 Sticky Flame             Conj/Fire      0%         2d3       98%         4
 Freezing Cloud           Conj/Ice/Air   0%         6-21      100%        5
 Yara's Violent Unravell  Hex/Tmut       0%         3d3       100%        5
 Simulacrum               Ice/Necr       0%         N/A       100%        6
 Summon Cactus Giant      Summ           0%         N/A       100%        6
 Enfeeble                 Hex            0%         N/A       100%        7
 Orb of Destruction       Conj           0%         9d5       100%        7
 Spellforged Servitor     Conj/Summ      0%         N/A       100%        7
 Storm Form               Tmut/Air       0%         N/A       100%        7


Dungeon Overview and Level Annotations

Branches:
Dungeon (9/15)             Temple (1/1) D:5
   Lair: D:8-11         Orc: D:9-12

Altars:
Ashenzari
Cheibriados
Dithmenos
Fedhas
Gozag
Hepliaklqana
Kikubaaqudgha
Makhleb
Nemelex Xobeh
Okawaru
Sif Muna
Trog
Uskayaw
Vehumet
Wu Jian
Xom
Yredelemnul


Innate Abilities, Weirdness & Mutations

You have claws for hands.
You sometimes gain power by taking damage.
You are mostly covered in sharp spines.
You have very sharp teeth.
You are resistant to electric shocks. (rElec)


Message History

The orc knight misses you.
You slash the orc knight! Your bite misses the orc knight.
The orc knight is moderately wounded.
An ogre comes into view. It is wielding a +0 giant spiked club.
The orc knight hits you with a +0 war axe!!
You focus on the pain.
You feel very mighty all of a sudden.
You hit the orc knight.
The orc knight is moderately wounded.
The orc knight barely misses you.
Aiming: Quicksilver Bolt
Press: ? - help, Shift-Dir - straight line, f - ogre
Aim: an ogre, wielding a +0 giant spiked club (88% to hit)
The bolt of dispelling energy hits the orc knight!
The orc knight is heavily wounded.
The bolt of dispelling energy hits the ogre!!
The ogre is almost dead.
You hear a shout!
The orc knight hits you with a +0 war axe.
Aiming: Quicksilver Bolt
Press: ? - help, Shift-Dir - straight line, f/p - ogre
Aim: an ogre, wielding a +0 giant spiked club (almost dead, 88% to hit)
The bolt of dispelling energy hits the orc knight!
The orc knight is severely wounded.
The bolt of dispelling energy hits the ogre!!
You kill the ogre!
Lugonu accepts your kill. The orc knight closely misses you.
You closely miss the orc knight. You bite the orc knight!
The orc knight is severely wounded.
The orc knight hits you with a +0 war axe!!
* * * LOW HITPOINT WARNING * * *
Okay, then.
Okay, then.
Aiming: Mindburst
Press: ? - help, Shift-Dir - straight line, f - orc knight
Aim: an orc knight, wielding a +0 war axe and wearing a +0 chain mail (severely wounded, chance to affect: 71%)
The orc knight's mind is blasted!
The orc knight hits you with a +0 war axe!!
You die...

#.. #. #.#.).#.#...#.
### #.#...#.#...#.
#.####'.'####.
#......#......
#.####'.)####.
#.#...#†#...##
#.#######.#...#)#..)##
#......)..#.[.#.#...##
#####@#########.######
#.......o)..............
###########.##.##)......
#.......####.. ###..#.##
#c. #.. #. #<. ## ## #..
#.. ###


You could see an orc knight.

Vanquished Creatures
  A centaur warrior (D:9)
  A tengu warrior (D:9)
  2 two-headed ogres
  A deep elf pyromancer (D:9)
  2 ugly things (D:9)
  An efreet (D:9)
  An unseen horror (D:6)
  3 trolls
  Prince Ribbit (D:6)
  A hornet (D:9)
  Sigmund (D:3)
  A yak (D:9)
  4 vampire mosquitoes
  An acid dragon (D:9)
  A water moccasin (D:7)
  2 orc warriors (D:5)
  2 hornet zombies (D:7)
  2 ice beasts
  3 ogres
  A centaur (D:6)
  2 phantoms
  6 kobold brigands
  8 bullfrogs
  3 gnoll sergeants
  11 scorpions
  2 necrophages
  A wyvern zombie (D:7)
  11 wights
  7 killer bees
  5 howler monkeys
  3 centaur zombies (D:7)
  3 hounds
  A human zombie (D:7)
  8 orc priests
  2 gnoll boudas
  4 jellies
  Jessica (D:2)
  5 iguanas
  Natasha (thrice) (D:2)
  8 orc wizards
  A statue (D:8)
  3 killer bee zombies (D:7)
  8 gnolls
  7 adders
  2 shadow imps (D:6)
  2 white imps
  2 ufetubi
  5 dart slugs
  35 orcs
  5 bats
  7 endoplasms
  7 giant cockroaches
  5 goblins
  5 hobgoblins
  5 quokkas
  8 ball pythons
  4 frilled lizards
  14 kobolds
  8 rats
  A spectral kobold (D:3)
  2 butterflies (D:8)
262 creatures vanquished.

Vanquished Creatures (collateral kills)
  A wight (D:6)
  An adder (D:6)
2 creatures vanquished.

Grand Total: 264 creatures vanquished

Notes
Turn   | Place    | Note
-------+----------+-------------------------------------------
     0 | Abyss:1  | NinjaNoafa the Demonspawn Abyssal Knight began the quest
                  | for the Orb.
     0 | Abyss:1  | Reached XP level 1. HP: 18/18 MP: 2/2
     0 | Abyss:1  | Found a corrupted altar of Lugonu.
     5 | D:1      | Escaped the Abyss
    75 | D:1      | Reached skill level 1 in Dodging
   251 | D:1      | Gained mutation: You sometimes gain a little power by
                  | taking damage. [demonic ancestry]
   251 | D:1      | Reached XP level 2. HP: 24/24 MP: 3/3
  1131 | D:1      | Gained mutation: You have sharp fingernails. [demonic
                  | ancestry]
  1131 | D:1      | Reached XP level 3. HP: 29/29 MP: 4/4
  1933 | D:2      | Gained mutation: You have very sharp fingernails. [demonic
                  | ancestry]
  1933 | D:2      | Reached XP level 4. HP: 21/37 MP: 5/5
  2126 | D:2      | Gained mutation: You occasionally shout uncontrollably at
                  | your foes. [potion of mutation]
  2128 | D:2      | Lost mutation: You occasionally shout uncontrollably at
                  | your foes. [potion of mutation]
  2128 | D:2      | Gained mutation: You have very sharp teeth. [potion of
                  | mutation]
  2128 | D:2      | Gained mutation: You have claws for hands. [potion of
                  | mutation]
  2128 | D:2      | Gained mutation: You are resistant to electric shocks.
                  | (rElec) [potion of mutation]
  2140 | D:2      | Reached *** piety under Lugonu
  2404 | D:2      | Noticed Jessica
  2563 | D:2      | Noticed Natasha
  2574 | D:2      | Killed Natasha
  2575 | D:2      | Gained mutation: You sometimes gain power by taking damage.
                  | [demonic ancestry]
  2575 | D:2      | Reached XP level 5. HP: 29/42 MP: 5/7
  2692 | D:3      | Found a broken altar of Ashenzari.
  2790 | D:3      | Noticed Sigmund
  2794 | D:3      | Reached skill level 5 in Unarmed Combat
  2794 | D:3      | Reached skill level 8 in Invocations
  2794 | D:3      | Reached XP level 6. HP: 48/55 MP: 7/12
  2801 | D:3      | Killed Sigmund
  3082 | D:3      | Found a hazy altar of Hepliaklqana.
  3449 | D:3      | Identified the +1 scale mail of Qidaith {Dex+2}
  3732 | D:4      | Gained mutation: You are partially covered in sharp spines.
                  | [demonic ancestry]
  3732 | D:4      | Reached XP level 7. HP: 28/59 MP: 13/13
  3915 | D:4      | Found an ornate altar of the Wu Jian Council.
  4239 | D:4      | Found a blossoming altar of Fedhas.
  4604 | D:5      | Entered Level 5 of the Dungeon
  4903 | D:5      | Found a shimmering altar of Xom.
  5061 | D:5      | Found a sparkling altar of Nemelex Xobeh.
  5090 | D:5      | Reached skill level 9 in Invocations
  5132 | D:5      | Found a staircase to the Ecumenical Temple.
  5145 | Temple   | Entered the Ecumenical Temple
  5320 | D:5      | Reached **** piety under Lugonu
  5344 | D:5      | Reached XP level 8. HP: 22/63 MP: 14/14
  5984 | D:5      | Found a shimmering blue altar of Sif Muna.
  6233 | D:6      | Noticed Prince Ribbit
  6240 | D:6      | Killed Prince Ribbit
  6431 | D:6      | Gained mutation: You are mostly covered in sharp spines.
                  | [demonic ancestry]
  6431 | D:6      | Reached XP level 9. HP: 64/73 MP: 16/16
  6556 | D:6      | Identified the +0 robe "Ybucheta" {rN+ Str+2}
  6941 | D:6      | Killed an unseen horror
  6946 | D:6      | Reached skill level 10 in Invocations
  7749 | D:7      | Found an ancient bone altar of Kikubaaqudgha.
  7846 | D:7      | Reached ***** piety under Lugonu
  8224 | D:7      | Found a hide-covered altar of Uskayaw.
  8234 | D:7      | Reached XP level 10. HP: 78/80 MP: 17/17
  8521 | D:7      | Reached skill level 1 in Evocations
  8523 | D:7      | Identified the +9 lajatang "Daithred" {vorpal, rF+ rCorr
                  | Stlth+}
  8789 | D:7      | Found a basalt altar of Yredelemnul.
  9140 | D:8      | Found a transporter.
  9151 | D:8      | Found an opulent altar of Gozag.
  9410 | D:8      | Found a radiant altar of Vehumet.
  9480 | D:8      | Found a runed translucent door.
  9482 | D:8      | Found a runed translucent door.
  9912 | D:2      | Noticed Natasha
  9915 | D:2      | Killed Natasha
  9929 | D:2      | Noticed Natasha
  9945 | D:2      | Killed Natasha
 10117 | D:2      | Killed Jessica
 10234 | D:8      | Found a transporter.
 10287 | D:8      | Noticed a two-headed ogre
 10290 | D:8      | Reached skill level 1 in Staves
 10292 | D:8      | Killed a two-headed ogre
 10293 | D:8      | Reached skill level 5 in Evocations
 11229 | D:9      | Got the Incunable of the Crypt and Weather
 11240 | D:9      | Noticed a deep elf pyromancer
 11240 | D:9      | Noticed a cyan ugly thing
 11247 | D:9      | Noticed a cyan ugly thing
 11253 | D:9      | Killed a cyan ugly thing
 11255 | D:9      | Killed a cyan ugly thing
 11256 | D:9      | Reached XP level 11. HP: 35/86 MP: 18/18
 11258 | D:9      | Killed a deep elf pyromancer
 11511 | D:9      | Noticed a centaur warrior
 11512 | D:9      | Noticed a tengu warrior
 11513 | D:9      | Reached skill level 5 in Staves
 11721 | D:9      | HP: 4/86 [tengu warrior/+0 bardiche (2)]
 12144 | D:9      | Noticed a six-headed hydra
 12174 | D:9      | Found a shadowy altar of Dithmenos.
 12285 | D:9      | Killed a centaur warrior
 12423 | D:9      | Killed a tengu warrior
 12490 | D:9      | Noticed a two-headed ogre
 12494 | D:9      | Killed a two-headed ogre
 12627 | D:9      | Noticed an orc knight
 12635 | D:9      | Slain by an orc knight

Illustrated notes

Levels and vault maps discovered:
D:1:      amcnicky_arrival_abandoned_market, layout_basic, minmay_cut_off
D:2:      layout_basic, minmay_diced_spiral, uniq_jessica, uniq_natasha
D:3:      layout_basic, mainiacjoe_overflow_alcove_2,
          nicolae_hepliaklqana_monster_ancestors, uniq_sigmund
D:4:      layout_basic, mainiacjoe_overflow_alcove_4, tso_altar,
          nicolae_wu_jian_wuxing_cycle, chequers_big_river,
          chequers_serial_rivers_room_b
D:5:      cheibrodos_thug_alley, layout_cave_pools, mainiacjoe_overflow_catwalk,
          nemelex_dance_club_becter, general_overflow_altar,
          minmay_temple_entry_enclosed_plants, patterned_corridor
D:6:      minmay_opposing_rooms, layout_rooms, uniq_prince_ribbit1
D:7:      layout_loops_cross, nicolae_kikubaaqudgha_miasma_corner,
          nicolae_uskayaw_murder_on_the_dancefloor,
          lemuel_mausoleum_altar_yredelemnul
D:8:      lemuel_insect_pit, layout_basic, amcnicky_altar_gilded,
          vehumet_statue, nicolae_diode_stairs
D:9:      minmay_the_grid_4x2 [minmay_the_grid_mess, minmay_the_grid_large_cup,
          minmay_the_grid_spikes, minmay_the_grid_armoury,
          minmay_the_grid_small_cups, minmay_the_grid_all_tris,
          minmay_the_grid_broken_lines, minmay_the_grid_prize_four_corners],
          layout_loops_cross, mainiacjoe_overflow_tiny_flanked,
          mainiacjoe_overflow_alcove_1, grunt_dithmenos_smoke_and_mirrors,
          uniq_pikel
Temple:   nicolae_temple_two_arcs

Skill      XL: |  1  2  3  4  5  6  7  8  9 10 11 |
---------------+----------------------------------+-----
Dodging        | 1 2 6 7 8 |  8.4
Long Blades    | 2 |  2.7
Fighting       | 4 7 8 |  8.5
Unarmed Combat | 5 6 7 8 |  8.0
Invocations    | 8 9 10 | 10.6
Evocations     | 6 |  6.0
Staves         | 4 5 |  5.8
Armour         | 3 |  3.1

Action                   |  1- 3 |  4- 6 |  7- 9 | 10-12 || total
-------------------------+-------+-------+-------+-------++-------
Melee: Falchion          |    94 |     1 |       |       ||    95
       Unarmed           |       |   111 |   238 |    22 ||   371
       Bite              |       |    13 |    23 |    18 ||    54
       Punch             |       |     1 |    10 |     3 ||    14
       Lajatang          |       |       |       |   141 ||   141
Throw: Boomerang         |       |       |     9 |     7 ||    16
Evoke: Wand              |       |       |     2 |    21 ||    23
  Use: Potion            |     1 |     5 |     4 |     2 ||    12
       Scroll            |       |       |     7 |     5 ||    12
 Stab: Sleeping          |       |       |     1 |     2 ||     3
       Distracted        |       |       |       |     1 ||     1
Armor: Leather armour    |    40 |    19 |       |       ||    59
       Scale mail        |       |     2 |    31 |       ||    33
       Robe              |       |       |    10 |    16 ||    26
       Troll leather arm |       |       |       |    12 ||    12
Dodge: Dodged            |   108 |    75 |   202 |   215 ||   600
